 Dungeon Crawl Stone Soup version 0.19-a0-1216-g363869b (webtiles) character file.

23 Charly the Sneak (level 2, -5/16 HPs)
             Began as a Spriggan Abyssal Knight on Aug 23, 2016.
             Was a Follower of Lugonu.
             Slain by an iguana (11 damage)
             ... on level 5 of the Dungeon.
             The game lasted 00:13:22 (743 turns).

Charly the Sneak (Spriggan Abyssal Knight)           Turns: 743, Time: 00:13:23

Health: -5/16      AC:  2    Str:  8    XL:     2   Next: 72%
Magic:  4/4        EV: 18    Int: 13    God:    Lugonu [*.....]
Gold:   89         SH:  0    Dex: 15    Spells: 0 memorised, 1 level left

rFire  . . .     SeeInvis +     d - potion of heal wounds {unknown}
rCold  . . .     Gourm    .     b - +0 robe
rNeg   . . .     Faith    .     (shield restricted)
rPois  .         Spirit   .     (helmet restricted)
rElec  .         Dismiss  .     (no cloak)
rCorr  .         Reflect  .     (gloves unavailable)
MR     .....     Harm     .     (boots unavailable)
Stlth  +++.......               (no amulet)
                                (no ring)
                                (no ring)

@: very quick
A: unfitting armour, see invisible, herbivore 3, speed 3, slow metabolism 2
a: Depart the Abyss, Renounce Religion


You were on level 5 of the Dungeon.
You worshipped Lugonu.
Lugonu was aware of your devotion.
You were full.

You visited 1 branch of the dungeon, and saw 5 of its levels.
You visited the Abyss 1 time.

You collected 89 gold pieces.

Inventory:

Hand Weapons
 a - a +1 short sword
Armour
 b - a +0 robe (worn)
Scrolls
 e - a scroll of remove curse {unknown}
 g - a scroll of recharging {unknown}
 h - a scroll of enchant weapon {unknown}
 i - a scroll of amnesia {unknown}
Potions
 d - a potion of heal wounds (in hand) {unknown}
 f - a potion of curing
Comestibles
 c - 2 bread rations


   Skills:
 - Level 2.4 Fighting
 - Level 2.1 Short Blades
 - Level 3.5 Dodging
 + Level 4.0 Stealth
 - Level 1.7 Invocations


You had one spell level left.
You didn't know any spells.

Dungeon Overview and Level Annotations

Branches:
Dungeon (5/15)
 Temple: D:4-7

Altars:
Dithmenos
Fedhas
Ru
Uskayaw


Innate Abilities, Weirdness & Mutations

You are tiny and cannot use many weapons and most armour.
You have supernaturally acute eyesight. (SInv)
You are a herbivore.
You cover ground extremely quickly.
You need consume almost no food.


Message History

Found a stone staircase leading up.
There is a stone staircase leading up here.
An iguana comes into view.
The iguana hisses angrily.
A giant cockroach comes into view.
Found 6 gold pieces.
A giant gecko comes into view.
Found a leather armour.
You see here 6 gold pieces.
You now have 89 gold pieces (gained 6).
Found a dagger.
Drop what? 9/52 slots (_ for help) (? for menu, Esc to quit)
Okay, then.
Wield which item (- for none, * to show all)? (? for menu, Esc to quit)
d - an amethyst potion (in hand)
You swing at nothing.
The iguana bites you! The iguana bites you!
Ouch! That really hurt!
You die...

##.### ######.## #####
.........## ##...###
..........## ##......##
...........## #).......##
l......#....###.........#
........##...##.........#
...s...[ ##...#.........#
.......# ##..@#.......##
...... ##..l.##..### ##..
###...#### ##...# ##...#
##.# ##


You could see an iguana.

Vanquished Creatures
  2 dart slugs
  2 orcs (D:4)
  2 giant cockroaches
  A goblin (D:2)
  A hobgoblin (D:3)
  5 jackals
  A bat (D:3)
14 creatures vanquished.

Notes
Turn   | Place    | Note
-------+----------+-------------------------------------------
     0 | Abyss:1  | Charly the Spriggan Abyssal Knight began the quest for the Orb.
     0 | Abyss:1  | Reached XP level 1. HP: 11/11 MP: 3/3
     1 | Abyss:1  | Found a corrupted altar of Lugonu.
     6 | Abyss:1  | magipi: these spriggans die fast :D
    11 | Abyss:1  | Charly: it depends who controls them ;p
    11 | Abyss:1  | Charly: I plan on doing extreme dive
    34 | Abyss:1  | magipi: when I was a beginner, I only played SpEn, and I killed around 300 before winning due to some huge luck
    35 | Abyss:1  | jacquesderrida: litl spriggster 2
    35 | Abyss:1  | Charly: Sp used to be my favourite too
    35 | Abyss:1  | Charly: 3*
    37 | Abyss:1  | jacquesderrida: The spriggstering
    46 | Abyss:1  | Noticed a small abomination
    62 | Abyss:1  | Sapher: i hate spriggan
    63 | Abyss:1  | jacquesderrida: It's 2 for the american audience
    69 | Abyss:1  | jacquesderrida: The first one was too obscure
    71 | Abyss:1  | Noticed a large abomination
    72 | Abyss:1  | Noticed a large abomination
    73 | Abyss:1  | Sapher: he is a weak mage...weak fighter
    75 | Abyss:1  | Noticed a thrashing horror
    75 | Abyss:1  | jacquesderrida: That's racist
    75 | D:1      | Escaped the Abyss
    76 | D:1      | Charly: yes
    76 | D:1      | Charly: its great as stealth build
    76 | D:1      | Sapher: and i hate stealth
    76 | D:1      | Charly: its unreliable
    76 | D:1      | magipi: I think a stabber sriggan is still good, but it's much worse than in 0.11
    76 | D:1      | Charly: it must ve been amazing when invi was on starting book of Enchanter
   108 | D:1      | magipi: well, it made lair and 3 of 4 lair branches very easy
   108 | D:1      | Reached skill level 1 in Stealth
   109 | D:1      | Sapher: tabbing with a +10 skiked club of speed is much more reliable
   116 | D:1      | Charly: I tried some o + 5 + tab games recently
   116 | D:1      | Charly: but doesnt work for me
   118 | D:1      | Sapher: i dunno...it is so easy
   163 | D:1      | Reached skill level 2 in Stealth
   188 | D:1      | Charly: smartass son of a bitch
   214 | D:2      | Charly: thoguth itd chase me round
   280 | D:2      | Found a sacrificial altar of Ru.
   280 | D:2      | Found a shadowy altar of Dithmenos.
   281 | D:2      | Found a hide-covered altar of Uskayaw.
   319 | D:2      | Reached XP level 2. HP: 6/16 MP: 4/4
   332 | D:3      | Reached * piety under Lugonu
   413 | D:4      | Found a blossoming altar of Fedhas.
   414 | D:4      | Noticed a centaur
   424 | D:4      | Reached skill level 3 in Stealth
   597 | D:4      | Reached skill level 4 in Stealth
   663 | D:5      | Entered Level 5 of the Dungeon
   667 | D:5      | Noticed a scorpion
   743 | D:5      | Slain by an iguana

Vault maps used:
D:1:      minmay_arrival_glassed_features
D:2:      gammafunk_temple_overflow_claw
D:4:      first_bread, kennysheep_minor_cross, fedhas_bush_and_centaur_altar

Skill      XL: |  1  2 |
---------------+-------+-----
Stealth        | 2 4 |  4.0
Fighting       | |  2.4
Short Blades   | |  2.1
Dodging        | |  3.5
Invocations    | |  1.7

Action                   || total
-------------------------++-------
Melee: Short sword       ||    52
Invok: Depart the Abyss  ||     1
  Use: Scroll            ||     3
 Stab: Sleeping          ||     7
  Eat: Royal jelly       ||     1
Armor: Robe              ||     7
Dodge: Dodged            ||    45
